 Dungeon Crawl Stone Soup version 0.29.0-13-gc9e81de378 (webtiles) character file.

Game seed: 5300992114973876265

11517 groovy9 the Grappler (level 11, -1/109 HPs)
             Began as a Troll Berserker on Sept 7, 2022.
             Was an Elder of Trog.
             Slain by an orc warrior
             ... wielding a +0 war axe
             ... led by an orc warlord
              (3 damage)
             ... on level 9 of the Dungeon.
             The game lasted 00:47:09 (7294 turns).

groovy9 the Grappler (Troll Berserker)              Turns: 7294, Time: 00:47:10

Health: -1/109     AC:  8    Str: 36    XL:     11   Next: 50%
Magic:  10/10      EV: 19    Int:  3    God:    Trog [****..]
Gold:   504        SH:  0    Dex: 19    Spells: 10/10 levels left

rFire   x . .      SeeInvis .     - Unarmed
rCold   . . .      Faith    .   (no shield)
rNeg    . . .      Spirit   .   x - +0 steam dragon scales
rPois   .          Reflect  .   (helmet restricted)
rElec   .          Harm     .   g - +0 cloak
rCorr   .          Rampage  .   (gloves unavailable)
Will    .....                   (boots unavailable)
Stlth   ++........              i - amulet of the Lich-sworn {RegenMP rF- Str+5 Dex+4 Stlth+}
HPRegen 1.08/turn               k - +6 ring of dexterity
MPRegen 0.52/turn               m - +4 ring of evasion

@: confused, about to teleport, ambrosia-drunk
A: large, unfitting armour, claws 3, regeneration 1, shaggy fur 1, tough skin 1
a: Renounce Religion, Berserk, Trog's Hand, Brothers in Arms


You were on level 9 of the Dungeon.
You worshipped Trog.
Trog was greatly pleased with you.
You visited 2 branches of the dungeon, and saw 10 of its levels.

You collected 518 gold pieces.
You spent 14 gold pieces at shops.

Inventory:

Hand Weapons
 a - a +1 sling
 z - a +3 dagger of distortion
 B - a +4 scimitar of flaming
 D - a +0 hand axe
Missiles
 b - 41 stones (quivered)
 c - 33 poisoned darts
 j - 3 boomerangs
 y - a throwing net
Armour
 g - a +0 cloak (worn)
 t - a +1 robe of willpower
 x - +0 steam dragon scales (worn)
Jewellery
 i - the amulet of the Lich-sworn (around neck) {RegenMP rF- Str+5 Dex+4 Stlth+}
   (You found it on level 4 of the Dungeon)

   [amulet of magic regeneration]

   It increases your rate of magic regeneration.
   Str:       It affects your strength (+5).
   Dex:       It affects your dexterity (+4).
   rF:        It makes you vulnerable to fire.
   Stlth:     It makes you more stealthy.
 k - a +6 ring of dexterity (left claw)
 m - a +4 ring of evasion (right claw)
 C - a ring of poison resistance
Wands
 d - a wand of polymorph (4)
 q - a wand of mindburst (17)
 A - a wand of iceblast (5)
Scrolls
 e - a scroll of enchant weapon
 f - 6 scrolls of identify
 h - 2 scrolls of blinking
 s - a scroll of torment
 w - a scroll of teleportation
Potions
 l - a potion of curing
 n - a potion of cancellation
 o - 2 potions of degeneration
 p - 3 potions of ambrosia
 r - a potion of resistance
 v - a potion of mutation


   Skills:
 * Level 7.4 Fighting
 + Level 9.4 Dodging
 - Level 12.9 Unarmed Combat


You had 10 spell levels left.
You didn't know any spells.
Your spell library was empty.

Dungeon Overview and Level Annotations

Branches:
Dungeon (9/15)             Temple (0/1) D:5            Lair (0/5) D:9
    Orc (1/2) D:9

Altars:

Shops:
D:2 (   D:7 (!=(   D:8 :


Innate Abilities, Weirdness & Mutations

You are too large for most types of armour.
You have claws for hands.
Your natural rate of healing is unusually fast.
You are covered in fur. (AC +1)
You have tough skin. (AC +1)


Message History

You feel yourself slow down.
You start resting.
HP restored.
You start waiting.
You feel yourself speed up.
You start waiting.
You recover from your berserk rage.
You climb downwards.
Welcome back to the Orcish Mines!
The orc warlord hits you with a +0 long sword!!
The ogre completely misses you. The orc warrior closely misses you.
The orc wizard mumbles some strange words.
The orc wizard flickers and vanishes!
Deactivating autopickup; reactivate with Ctrl-A.
The orc warrior barely misses you. x2
The orc warrior hits you with a +0 long sword.
There is a staircase back to the Dungeon, spattered with blood here.
The orc warlord roars a battlecry!
The orcs go into a battle-frenzy!
The orc warrior hits you with a +0 mace!!
The orc warrior misses you.
The orc warrior hits you with a +0 war axe.
The orc warrior hits you with a +0 long sword!
The ogre misses you.
You climb upwards.
Welcome back to the Dungeon!
Reactivating autopickup.
There is a staircase to the Orcish Mines here.
As you read the scroll of teleportation, it crumbles to dust.
You feel strangely unstable.
The orc warlord hits you with a +0 long sword!
The orc warrior hits you with a +0 war axe!
* * * LOW HITPOINT WARNING * * *
The orc warrior misses you.
The orc warrior hits you with a +0 scimitar!!
* * * LOW HITPOINT WARNING * * *
The orc warrior misses you.
You are confused.
You feel invigorated.
The orc warlord hits you with a +0 long sword!
* * * LOW HITPOINT WARNING * * *
The orc warrior hits you with a +0 war axe.
You die...

...#####..######..######.........
...# #..# #..# #......... ...#
#..# #..### #......... ...# #..#
#....## #......... ...#####..#
#..#..# #......... .....##...#
#######.# #......).. ...#......#
#8...8#.# #......... ...#..)...#
#.[Oo.#.# #..<.).... ...#.)∩...#
#.o@o.')# #....)....
...#..)...####..oo.#)###.........
.............#8...8#)#....^..>...
..........##########.#.....######
..........# #..##...##..#
#.........# #..#######..#
#.........# #..# #..# #.....÷...#
#..# #..# #.........# #..# #).#


You could see an orc warlord, 4 orc warriors and an ogre.

Vanquished Creatures
  2 two-headed ogres
  Erica (D:9)
  Pikel (D:7)
  Maurice (D:8)
  Maggie (D:9)
  Psyche (D:8)
  The ghost of TheSexyCheese the Trooper, an amateur MiFi (D:4)
  A queen bee (D:7)
  A hornet (D:9)
  The ghost of slitherrr the Agent of Entropy, an amateur PaAK of Lugonu (D:7)
  A troll (D:9)
  Grinder (D:3)
  11 yaks
  2 steam dragons (D:8)
  A water moccasin (D:5)
  A sky beast (D:7)
  7 orc warriors
  6 ogres
  4 centaurs
  2 phantoms
  3 kobold brigands (D:9)
  5 bullfrogs
  A necrophage (D:6)
  A wyvern zombie (D:4)
  3 gnoll sergeants
  2 scorpions (D:6)
  A water moccasin zombie (D:4)
  16 wights
  12 killer bees
  A howler monkey (D:9)
  2 bullfrog zombies (D:4)
  An orc priest (D:8)
  2 jellies
  Crazy Yiuf (D:2)
  4 hounds
  A bullfrog skeleton (D:4)
  A gnoll bouda (D:6)
  Ijyb (D:3)
  Jessica (D:3)
  9 iguanas
  6 orc wizards
  21 gnolls
  4 adders
  A shadow imp (D:7)
  3 worms
  5 dart slugs
  22 orcs
  9 ball pythons
  2 bats (D:1)
  11 endoplasms
  2 giant cockroaches
  9 goblins
  11 hobgoblins
  A quokka (D:3)
  3 frilled lizards
  10 kobolds
  8 rats
243 creatures vanquished.

Vanquished Creatures (others)
  A kobold (D:9)
  A fungus (D:9)
  2 plants (D:3)
4 creatures vanquished.

Grand Total: 247 creatures vanquished

Notes
Turn   | Place    | Note
-------+----------+-------------------------------------------
     0 | D:1      | groovy9 the Troll Berserker began the quest for the Orb.
     0 | D:1      | Reached XP level 1. HP: 22/22 MP: 0/0
    37 | D:1      | Reached XP level 2. HP: 29/29 MP: 1/1
   234 | D:1      | Reached ** piety under Trog
   405 | D:1      | Reached XP level 3. HP: 36/36 MP: 2/2
   711 | D:2      | Found Anonoula's Antique Weapon Emporium.
   873 | D:2      | Reached skill level 4 in Unarmed Combat
   879 | D:2      | Reached XP level 4. HP: 44/44 MP: 3/3
  1087 | D:2      | Found a faded altar of an unknown god.
  1319 | D:2      | Found a runed translucent door.
  1320 | D:2      | Noticed Crazy Yiuf
  1329 | D:2      | Killed Crazy Yiuf
  1458 | D:3      | Noticed Jessica
  1467 | D:3      | Killed Jessica
  1468 | D:3      | Reached XP level 5. HP: 52/52 MP: 4/4
  1543 | D:3      | Noticed Ijyb
  1576 | D:3      | Killed Ijyb
  1577 | D:3      | Reached skill level 5 in Unarmed Combat
  1690 | D:3      | Noticed Grinder
  1690 | D:3      | Paralysed by Grinder for 2 turns
  1707 | D:3      | Killed Grinder
  1708 | D:3      | Reached skill level 6 in Unarmed Combat
  1708 | D:3      | Reached XP level 6. HP: 59/59 MP: 5/5
  1957 | D:3      | Noticed an orc warrior
  1966 | D:3      | Killed an orc warrior
  1967 | D:3      | Reached XP level 7. HP: 66/66 MP: 6/6
  2285 | D:4      | Found a runed translucent gate.
  2285 | D:4      | Found a runed translucent gate.
  2290 | D:4      | Found a runed translucent gate.
  2296 | D:4      | Noticed TheSexyCheese's ghost (amateur MiFi)
  2334 | D:4      | Identified the amulet of the Lich-sworn {RegenMP rF- Str+5
                  | Dex+4 Stlth+}
  2604 | D:4      | Reached skill level 7 in Unarmed Combat
  3145 | D:4      | Reached skill level 5 in Dodging
  3148 | D:4      | Reached skill level 8 in Unarmed Combat
  3148 | D:4      | Reached XP level 8. HP: 60/74 MP: 7/7
  3157 | D:4      | Killed TheSexyCheese's ghost
  3209 | D:5      | Entered Level 5 of the Dungeon
  3432 | D:5      | Reached skill level 9 in Unarmed Combat
  3582 | D:5      | Found a staircase to the Ecumenical Temple.
  3926 | D:6      | Reached *** piety under Trog
  3998 | D:6      | Reached skill level 10 in Unarmed Combat
  3998 | D:6      | Reached XP level 9. HP: 20/80 MP: 8/8
  4142 | D:6      | Identified the +0 scale mail "Oclifagi" {rN+ rCorr Int+3}
  4583 | D:7      | Found Neoliez's Antique Weapon Boutique.
  4588 | D:7      | Noticed Pikel
  4599 | D:7      | Killed Pikel
  4600 | D:7      | Reached skill level 11 in Unarmed Combat
  4661 | D:7      | Noticed a queen bee
  4685 | D:7      | Found a transporter.
  4689 | D:7      | Found a transporter.
  4690 | D:7      | Noticed slitherrr's ghost (amateur PaAK)
  4825 | D:7      | Found Yvut Kab's Weapon Shoppe.
  4936 | D:7      | Found Mies's Distillery.
  4942 | D:7      | Bought a potion of degeneration for 14 gold pieces
  4950 | D:7      | Found Git Mame's Jewellery Shop.
  5150 | D:7      | Killed a queen bee
  5153 | D:7      | Reached skill level 12 in Unarmed Combat
  5155 | D:7      | Reached XP level 10. HP: 71/89 MP: 9/9
  5158 | D:7      | Killed slitherrr's ghost
  5260 | D:8      | Found Ysippig's Book Boutique.
  5328 | D:8      | Noticed Maurice
  5338 | D:8      | Killed Maurice
  5373 | D:8      | Noticed a two-headed ogre
  5376 | D:8      | Killed a two-headed ogre
  5492 | D:8      | Noticed Psyche
  5499 | D:8      | Killed Psyche
  5670 | D:8      | Reached **** piety under Trog
  6086 | D:8      | Reached skill level 5 in Fighting
  6240 | D:9      | Noticed a two-headed ogre
  6245 | D:9      | Killed a two-headed ogre
  6246 | D:9      | Reached XP level 11. HP: 104/104 MP: 10/10
  6364 | D:9      | Noticed Erica
  6371 | D:9      | Killed Erica
  6610 | D:9      | Found a staircase to the Lair.
  6631 | D:9      | Noticed Maggie
  6644 | D:9      | Killed Maggie
  6992 | D:9      | Found a staircase to the Orcish Mines.
  7240 | Orc:1    | Entered Level 1 of the Orcish Mines
  7240 | Orc:1    | Noticed an orc warlord
  7294 | D:9      | HP: 2/109 [orc warlord/+0 long sword (12)]
  7294 | D:9      | Slain by an orc warrior

Illustrated notes

Levels and vault maps discovered:
D:1:      roderic_crossed_star, layout_rooms, item_on_display_b
D:2:      cheibrodos_greedy_goblins, layout_loops_cross, serial_shops, shop,
          hellmonk_ecumenical_altar_arch_garden, uniq_crazy_yiuf_cottage
D:3:      layout_basic, serial_bayou_lagoon_b, uniq_jessica, uniq_ijyb,
          uniq_grinder
D:4:      layout_basic, serial_curves, eino_curves_02, eino_curves_04,
          gammafunk_ghost_necromancy
D:5:      layout_layer_cave, temple_green
D:6:      layout_loops_cross, nicolae_figureground_sparkle
D:7:      layout_rooms, serial_shops, shop, shop, shop, kennysheep_mini_moat,
          gammafunk_ghost_hive, uniq_pikel
D:8:      layout_basic, nicolae_stop_n_shop_1, uniq_maurice, uniq_psyche
D:9:      layout_long_grid, dpeg_oklobed_lair,
          kennysheep_orc_monster_closet_entryway, enter_bailey_2, uniq_maggie,
          uniq_erica
Orc:1:    layout_caves

Skill      XL: |  1  2  3  4  5  6  7  8  9 10 11 |
---------------+----------------------------------+-----
Dodging        | 3 4 5 6 7 8 9 |  9.4
Unarmed Combat | 4 6 8 10 12 | 12.9
Fighting       | 5 7 |  7.4

Action                   |  1- 3 |  4- 6 |  7- 9 | 10-12 || total
-------------------------+-------+-------+-------+-------++-------
Melee: Unarmed           |    98 |   102 |   206 |   248 ||   654
       Punch             |     2 |     2 |     9 |    11 ||    24
Throw: Stone             |     6 |       |       |       ||     6
Invok: Berserk           |     1 |     6 |     6 |     9 ||    22
       Trog's Hand       |       |     3 |     4 |     6 ||    13
  Use: Scroll            |     5 |     1 |     7 |     5 ||    18
       Potion            |       |     1 |     8 |     2 ||    11
 Stab: Sleeping          |       |       |     5 |     4 ||     9
       Distracted        |       |       |     1 |     1 ||     2
Armor: Animal skin       |    26 |    25 |    25 |       ||    76
       Skin              |       |     1 |       |       ||     1
       Steam dragon scal |       |       |       |    20 ||    20
       Robe              |       |       |       |     8 ||     8
Dodge: Dodged            |    42 |    36 |   156 |   173 ||   407
